 Dungeon Crawl Stone Soup version 0.19-a0-994-g3c636f0 (webtiles) character file.

46 MrRokkomies the Charmwright (level 3, -1/29 HPs)
             Began as a Demigod Skald on July 15, 2016.
             Slain by a gnoll
             ... wielding a +0 halberd
              (7 damage)
             ... on level 2 of the Dungeon.
             The game lasted 00:02:32 (804 turns).

MrRokkomies the Charmwright (Demigod Skald)          Turns: 804, Time: 00:02:32

Health: -1/29      AC:  6    Str: 14 (15) XL:     3   Next: 26%
Magic:  4/8        EV: 10    Int: 18      God:
Gold:   9          SH:  0    Dex: 14 (15) Spells: 1 memorised, 4 levels left

rFire  . . .     SeeInvis .     a - +0 falchion
rCold  . . .     Gourm    .     l - +0 ring mail
rNeg   . . .     Faith    .     (no shield)
rPois  .         Spirit   .     (no helmet)
rElec  .         Dismiss  .     k - +0 cloak
rCorr  .         Reflect  .     (no gloves)
SustAt +         Harm     .     (no boots)
MR     .....                    (no amulet)
Stlth  ++........               (no ring)
                                h - ring of stealth

@: infused, not resistant to hostile enchantments, unstealthy
A: high mp 1, sustain attributes
a: no special abilities


You were on level 2 of the Dungeon.
You were not hungry.

You visited 1 branch of the dungeon, and saw 2 of its levels.

You collected 9 gold pieces.

Inventory:

Hand Weapons
 a - a +0 falchion (weapon)
Armour
 k - a +0 cloak (worn)
 l - a +0 ring mail (worn)
Jewellery
 h - a ring of stealth (left hand)
Scrolls
 e - a scroll of remove curse
 f - a scroll of enchant weapon {unknown}
 g - a scroll of identify {unknown}
 m - a scroll of random uselessness {unknown}
 n - a scroll of enchant armour {unknown}
 p - a scroll of blinking {unknown}
Books
 c - a book of Battle

   Spells                             Type                      Level
   a - Infusion                       Charms                       1
   b - Shroud of Golubria             Charms/Translocation         2
   c - Song of Slaying                Charms                       2
   d - Spectral Weapon                Hexes/Charms                 3
   e - Regeneration                   Charms/Necromancy            3
Comestibles
 b - a meat ration
 d - a bread ration


   Skills:
 - Level 1.7 Fighting
 * Level 2.6 Long Blades
 - Level 0.8 Armour
 - Level 0.8 Dodging
 - Level 1.7 Spellcasting
 * Level 3.5 Charms


You had 4 spell levels left.
You knew the following spells:

 Your Spells              Type           Power        Failure   Level  Hunger
a - Infusion              Chrm           ##..         10%         1    #......


Dungeon Overview and Level Annotations

Branches:
Dungeon (2/15)


Innate Abilities, Weirdness & Mutations

You have an increased reservoir of magic. (+10% MP)
Your attributes are resistant to harm.


Message History

The gnoll barely misses you. x2
You hit the gnoll.
You kill the gnoll!
The gnoll closely misses you.
Casting: Infusion
Confirm with . or Enter, or press ? or * to list all spells.
You begin infusing your attacks with magical energy.
The gnoll hits you from afar with a halberd.
The gnoll closely misses you.
You hit the gnoll.
The gnoll is moderately wounded.
The gnoll hits you with a halberd.
You hit the gnoll.
The gnoll is heavily wounded.
The gnoll hits you with a halberd.
* * * LOW HITPOINT WARNING * * *
You hit the gnoll.
The gnoll is severely wounded.
The gnoll hits you with a halberd!
You die...

# ######### .#
........ ..+ #....#
...# #....###g...#.
+.....@gg.....
##+###....###g..!#.
#.........# ...#
#.........# ....
#.....#...# ...
#.....#...# ......
#.....#.[.# #......
#####+#.†.####.....
#.......#.......


You could see 3 gnolls and a goblin.

Vanquished Creatures
  A gnoll (D:2)
  2 oozes (D:1)
  A giant cockroach (D:2)
  A goblin (D:1)
  3 hobgoblins (D:1)
  4 jackals (D:1)
  4 bats
  A giant newt (D:1)
  7 kobolds (D:1)
  5 rats (D:1)
29 creatures vanquished.

Notes
Turn   | Place    | Note
-------+----------+-------------------------------------------
     0 | D:1      | MrRokkomies the Demigod Skald began the quest for the Orb.
     0 | D:1      | Reached XP level 1. HP: 17/17 MP: 5/5
    42 | D:1      | Reached skill level 3 in Charms
   170 | D:1      | Reached XP level 2. HP: 19/24 MP: 7/7
   538 | D:1      | Reached XP level 3. HP: 29/29 MP: 8/8
   804 | D:2      | Slain by a gnoll

Vault maps used:
D:1:      nicolae_arrival_somewhat_less_tricky_arrival
D:2:      minmay_octomino_j4, uniq_iyjb

Skill      XL: |  1 |
---------------+----+-----
Long Blades    | 2 |  2.6
Charms         | 3 |  3.5
Fighting       | |  1.7
Armour         | |  0.8
Dodging        | |  0.8
Spellcasting   | |  1.7

Action                   || total
-------------------------++-------
Melee: Falchion          ||   110
 Cast: Infusion          ||     1
  Use: Scroll            ||     2
       Potion            ||     2
 Stab: Sleeping          ||     2
Armor: Leather armour    ||    17
       Ring mail         ||     3
Dodge: Dodged            ||    65
